cohdb
Replays
Latest Replays
All Replays
Popular Replays
Top Player Replays
Match Explorer
How It Works
Community
CoH3 Stats
Reddit
Sign in to upload your games and track your stats! →
Sign in with Steam
Match 42840127
Unlisted
Match 42840127
Overview
Messages
Build Orders
End
Selects Italian Combined Arms Battlegroup
Selects Bersaglieri Squad
Selects Bersaglieri Squad
Bersaglieri Squad
Kradschützen Motorcycle Team
Panzerpioneer Squad
Bersaglieri Squad
Bersaglieri Squad
Construct Light Support Kompanie
Fire Support Elements
Selects Bersaglieri Bolster
Flakvierling Half-track
Panzerjäger Squad
MG34 Team
2.5-tonne Medical Truck
Selects Breda Model 30 Light Machine Guns
Pak 38 Anti-tank Gun Team
Construct Mechanized Kompanie
StuG III D Assault Gun
Panzerpioneer Squad
Construct Panzerarmee Kommand
Panzer III L Medium Tank
Panzerpioneer Squad
Panzer III L Medium Tank
Grand.G
Crazy Hamster
0
0
Comments
sign in to comment!
No comments posted yet!